[ PARTIDA AOE2 · #480999321 ]
UnrankedGeorgianos vs Magyars
[ ANÁLISIS DE REPETICIÓN · EXTRAÍDO DE LA PARTIDA GRABADA ]
Feudal
11:07
Castillos
15:40
Imperial
36:22
| APM promedio | 53.3 |
| APM pico | 108 |
| eAPM promedio | 21.8 |
| Aldeanos / militares | 106 / 131 |
Foco
⚔️ 50.1% · 🌾 49.9%
Monaspa ×66 · Spearman ×27 · Cavalry Archer ×25 · Skirmisher ×7 · Monk ×2 · Scout Cavalry ×2
Feudal
9:49
Castillos
27:06
Imperial
47:16
| APM promedio | 33.0 |
| APM pico | 64 |
| eAPM promedio | 21.7 |
| Aldeanos / militares | 121 / 172 |
Foco
⚔️ 33.9% · 🌾 66.1%
Spearman ×59 · Knight ×57 · Scout Cavalry ×55 · Monk ×1
Feudal
12:12
Castillos
16:44
Imperial
37:33
| APM promedio | 39.2 |
| APM pico | 86 |
| eAPM promedio | 21.8 |
| Aldeanos / militares | 143 / 124 |
Foco
⚔️ 26.6% · 🌾 73.4%
Spearman ×109 · Bombard Cannon ×6 · Hussite Wagon ×5 · Hand Cannoneer ×4
Feudal
10:57
Castillos
24:56
Imperial
41:21
| APM promedio | 49.2 |
| APM pico | 131 |
| eAPM promedio | 16.2 |
| Aldeanos / militares | 146 / 113 |
Foco
⚔️ 28.9% · 🌾 71.1%
Cavalry Archer ×91 · Archer ×19 · Trebuchet (Packed) ×3
Feudal
10:06
Castillos
24:52
Imperial
36:47
| APM promedio | 36.8 |
| APM pico | 72 |
| eAPM promedio | 19.4 |
| Aldeanos / militares | 118 / 109 |
Foco
⚔️ 34.1% · 🌾 65.9%
Skirmisher ×42 · Camel Scout ×24 · Scout Cavalry ×15 · Steppe Lancer ×13 · Trebuchet (Packed) ×8 · Spearman ×3
Feudal
8:55
Castillos
18:57
Imperial
35:15
| APM promedio | 55.9 |
| APM pico | 116 |
| eAPM promedio | 25.6 |
| Aldeanos / militares | 167 / 331 |
Foco
⚔️ 47.3% · 🌾 52.7%
Spearman ×192 · Knight ×120 · Trebuchet (Packed) ×11 · Scout Cavalry ×7 · Monk ×1
Feudal
10:10
Castillos
31:21
Imperial
41:52
| APM promedio | 38.3 |
| APM pico | 111 |
| eAPM promedio | 25.1 |
| Aldeanos / militares | 136 / 93 |
Foco
⚔️ 50.9% · 🌾 49.1%
Knight ×93
Feudal
11:46
Castillos
22:43
Imperial
45:17
| APM promedio | 27.0 |
| APM pico | 90 |
| eAPM promedio | 14.7 |
| Aldeanos / militares | 107 / 36 |
Foco
⚔️ 20.7% · 🌾 79.3%
Skirmisher ×13 · Battering Ram ×9 · Mangonel ×6 · Scout Cavalry ×3 · Cavalry Archer ×3 · Trebuchet (Packed) ×2
Mapa de la partida
Recursos iniciales + cada clic de construcción. Líneas = muros · curvas = relieve. ◆ oro · ⬟ piedra · ● bayas · ✦ reliquia · ◌ hueco del cierre
Tu base· ✓ Cerrada en 15:40 · 7t muro · 1 puerta(s)
Base de [NuMa] giares· ✓ Cerrada en 27:06 · 5t muro · 2 puerta(s)
Base de TheEel· ✓ Cerrada en 16:44 · 20t muro · 1 puerta(s)
Base de NuMa | DraKKo· ✓ Cerrada en 24:56 · 12t muro · sin puerta
Base de ozzyhapdo· ✓ Cerrada en 24:52 · 13t muro · 1 puerta(s)
Base de NuMa | Maurofarfan01· ✓ Cerrada en 18:57 · 3t muro · sin puerta
Base de DrJorgexx· ✓ Cerrada en 31:21 · 26t muro · 2 puerta(s)
Base de NuMa | Edd· ✓ Cerrada en 22:43 · 14t muro · 1 puerta(s)
Terreno inicial suavizado · ◌ = hueco del cierre detectado · pasá el cursor para detalles
Inputs por minuto
— JohnCarter - - [NuMa] giares
Build order — JohnCarter
Primeras 150 de 392 acciones detectadas
| 0:04 | Crear | Villager (Male) |
| 0:04 | Crear | Villager (Male) |
| 0:04 | Crear | Villager (Male) |
| 0:04 | Crear | Villager (Male) |
| 0:04 | Crear | Villager (Male) |
| 0:05 | Crear | Villager (Male) |
| 0:07 | Construir | House |
| 0:09 | Construir | House |
| 1:30 | Crear | Villager (Male) |
| 1:31 | Crear | Villager (Male) |
| 1:46 | Crear | Villager (Male) |
| 1:46 | Crear | Villager (Male) |
| 2:10 | Crear | Villager (Male) |
| 2:10 | Crear | Villager (Male) |
| 3:02 | Crear | Villager (Male) |
| 3:26 | Crear | Villager (Male) |
| 3:35 | Construir | House |
| 3:57 | Crear | Villager (Male) |
| 3:58 | Crear | Villager (Male) |
| 4:09 | Crear | Villager (Male) |
| 4:09 | Crear | Villager (Male) |
| 4:26 | Construir | Mill |
| 4:36 | Construir | House |
| 4:38 | Construir | Palisade Gate |
| 4:39 | Construir | Palisade Wall |
| 4:54 | Crear | Villager (Male) |
| 4:54 | Crear | Villager (Male) |
| 4:56 | Crear | Villager (Male) |
| 4:56 | Crear | Villager (Male) |
| 5:45 | Crear | Villager (Male) |
| 6:05 | Crear | Villager (Male) |
| 6:29 | Construir | House |
| 6:33 | Crear | Villager (Male) |
| 6:34 | Crear | Villager (Male) |
| 6:59 | Crear | Villager (Male) |
| 7:20 | Crear | Villager (Male) |
| 7:39 | Crear | Villager (Male) |
| 7:39 | Crear | Villager (Male) |
| 7:58 | Construir | Mule Cart |
| 8:57 | Investigar | Feudal Age |
| 10:59 | Crear | Villager (Male) |
| 10:59 | Crear | Villager (Male) |
| 11:07 | Edad | Edad Feudal |
| 11:10 | Construir | Market |
| 11:31 | Construir | Blacksmith |
| 12:33 | Construir | Farm |
| 12:36 | Construir | Farm |
| 13:00 | Investigar | Castle Age |
| 13:31 | Investigar | Horse Collar |
| 13:54 | Construir | Farm |
| 13:57 | Construir | Farm |
| 14:18 | Investigar | Double-Bit Axe |
| 15:12 | Crear | Villager (Male) |
| 15:40 | Edad | Edad de los Castillos |
| 15:49 | Construir | Barracks |
| 15:50 | Crear | Villager (Male) |
| 15:59 | Construir | House |
| 16:07 | Construir | Farm |
| 16:10 | Crear | Villager (Male) |
| 16:17 | Crear | Spearman |
| 16:22 | Construir | Castle |
| 16:49 | Construir | Farm |
| 16:50 | Crear | Villager (Male) |
| 17:05 | Crear | Villager (Male) |
| 17:45 | Construir | Town Center |
| 17:50 | Crear | Villager (Male) |
| 17:54 | Construir | Farm |
| 17:59 | Construir | Farm |
| 18:31 | Construir | Mule Cart |
| 18:35 | Crear | Villager (Male) |
| 18:52 | Crear | Monaspa |
| 19:00 | Crear | Monaspa |
| 19:14 | Crear | Villager (Male) |
| 19:17 | Crear | Villager (Male) |
| 19:22 | Construir | Farm |
| 19:24 | Construir | Farm |
| 19:29 | Crear | Monaspa |
| 19:48 | Construir | Monastery |
| 19:54 | Construir | Monastery |
| 19:56 | Crear | Villager (Male) |
| 20:03 | Crear | Monaspa |
| 20:14 | Crear | Monaspa |
| 20:32 | Crear | Villager (Male) |
| 20:33 | Crear | Villager (Male) |
| 20:40 | Crear | Monk |
| 21:03 | Crear | Monaspa |
| 21:03 | Crear | Villager (Male) |
| 21:05 | Crear | Villager (Male) |
| 21:08 | Construir | Farm |
| 21:09 | Construir | Farm |
| 21:26 | Crear | Monaspa |
| 21:28 | Crear | Villager (Male) |
| 21:41 | Crear | Villager (Male) |
| 21:44 | Construir | Farm |
| 21:54 | Construir | Town Center |
| 21:55 | Crear | Villager (Male) |
| 21:55 | Crear | Villager (Male) |
| 22:15 | Investigar | Scale Barding Armor |
| 22:31 | Construir | Farm |
| 22:33 | Construir | Farm |
| 22:34 | Crear | Villager (Male) |
| 22:34 | Crear | Villager (Male) |
| 22:47 | Crear | Villager (Male) |
| 23:01 | Crear | Villager (Male) |
| 23:08 | Construir | Town Center |
| 23:14 | Crear | Monaspa |
| 23:28 | Crear | Monaspa |
| 23:38 | Crear | Villager (Male) |
| 23:46 | Crear | Villager (Male) |
| 23:48 | Crear | Villager (Male) |
| 23:50 | Crear | Villager (Male) |
| 23:50 | Crear | Villager (Male) |
| 23:53 | Construir | Farm |
| 23:53 | Construir | Farm |
| 23:54 | Construir | Farm |
| 23:54 | Construir | Farm |
| 23:54 | Construir | Farm |
| 23:54 | Construir | Farm |
| 23:54 | Construir | Farm |
| 23:55 | Construir | Farm |
| 24:04 | Crear | Monaspa |
| 24:14 | Crear | Monaspa |
| 24:23 | Investigar | Heavy Plow |
| 24:25 | Crear | Villager (Male) |
| 24:29 | Construir | House |
| 24:37 | Crear | Villager (Male) |
| 24:41 | Crear | Villager (Male) |
| 24:46 | Construir | House |
| 24:47 | Construir | House |
| 24:59 | Crear | Monaspa |
| 25:06 | Investigar | Chain Barding Armor |
| 25:27 | Crear | Villager (Male) |
| 25:34 | Crear | Villager (Male) |
| 25:35 | Crear | Villager (Male) |
| 25:40 | Investigar | Bow Saw |
| 25:47 | Crear | Villager (Male) |
| 26:01 | Construir | Gate |
| 26:08 | Crear | Villager (Male) |
| 26:08 | Crear | Villager (Male) |
| 26:13 | Construir | Farm |
| 26:15 | Crear | Villager (Male) |
| 26:16 | Construir | Farm |
| 26:17 | Construir | Farm |
| 26:28 | Crear | Monaspa |
| 26:29 | Crear | Monaspa |
| 26:44 | Crear | Villager (Male) |
| 26:45 | Crear | Villager (Male) |
| 26:45 | Crear | Villager (Male) |
| 26:46 | Investigar | Loom |
| 27:04 | Crear | Monaspa |
Build order — [NuMa] giares
Primeras 150 de 462 acciones detectadas
| 0:03 | Crear | Villager (Male) |
| 0:03 | Crear | Villager (Male) |
| 0:03 | Crear | Villager (Male) |
| 0:03 | Crear | Villager (Male) |
| 0:05 | Construir | House |
| 0:06 | Construir | House |
| 1:31 | Crear | Villager (Male) |
| 1:32 | Crear | Villager (Male) |
| 1:32 | Crear | Villager (Male) |
| 1:51 | Construir | Lumber Camp |
| 2:12 | Crear | Villager (Male) |
| 2:12 | Crear | Villager (Male) |
| 2:38 | Crear | Villager (Male) |
| 2:38 | Crear | Villager (Male) |
| 2:57 | Crear | Villager (Male) |
| 2:57 | Crear | Villager (Male) |
| 3:10 | Construir | House |
| 3:15 | Crear | Villager (Male) |
| 3:15 | Crear | Villager (Male) |
| 3:15 | Crear | Villager (Male) |
| 3:36 | Crear | Villager (Male) |
| 3:36 | Crear | Villager (Male) |
| 3:36 | Crear | Villager (Male) |
| 4:07 | Construir | Mill |
| 4:19 | Crear | Villager (Male) |
| 4:19 | Crear | Villager (Male) |
| 4:20 | Crear | Villager (Male) |
| 5:04 | Crear | Villager (Male) |
| 5:04 | Crear | Villager (Male) |
| 5:05 | Crear | Villager (Male) |
| 5:37 | Crear | Villager (Male) |
| 5:45 | Construir | House |
| 5:46 | Construir | House |
| 5:52 | Construir | Palisade Wall |
| 5:56 | Construir | Palisade Gate |
| 6:02 | Crear | Villager (Male) |
| 6:31 | Crear | Villager (Male) |
| 7:13 | Investigar | Loom |
| 7:22 | Investigar | Feudal Age |
| 7:27 | Construir | House |
| 7:29 | Construir | House |
| 7:39 | Construir | House |
| 8:47 | Construir | Barracks |
| 9:45 | Crear | Villager (Male) |
| 9:45 | Crear | Villager (Male) |
| 9:45 | Crear | Villager (Male) |
| 9:46 | Crear | Villager (Male) |
| 9:49 | Edad | Edad Feudal |
| 9:52 | Construir | Barracks |
| 9:57 | Construir | Barracks |
| 10:02 | Construir | Stable |
| 10:39 | Crear | Villager (Male) |
| 10:44 | Construir | Lumber Camp |
| 11:04 | Crear | Scout Cavalry |
| 11:05 | Crear | Scout Cavalry |
| 11:06 | Construir | Stable |
| 11:09 | Crear | Scout Cavalry |
| 11:15 | Investigar | Double-Bit Axe |
| 11:42 | Construir | Blacksmith |
| 11:47 | Crear | Scout Cavalry |
| 11:55 | Crear | Villager (Male) |
| 11:57 | Construir | Farm |
| 12:12 | Crear | Scout Cavalry |
| 12:23 | Construir | Farm |
| 12:24 | Construir | Farm |
| 12:29 | Crear | Villager (Male) |
| 12:32 | Crear | Scout Cavalry |
| 12:32 | Crear | Scout Cavalry |
| 12:52 | Construir | House |
| 12:53 | Construir | House |
| 12:58 | Construir | Farm |
| 12:59 | Construir | Farm |
| 13:08 | Construir | Farm |
| 13:14 | Crear | Villager (Male) |
| 13:15 | Crear | Villager (Male) |
| 13:23 | Construir | Farm |
| 13:42 | Construir | House |
| 13:54 | Crear | Scout Cavalry |
| 13:54 | Crear | Scout Cavalry |
| 14:07 | Investigar | Scale Barding Armor |
| 14:08 | Investigar | Scale Barding Armor |
| 14:11 | Construir | Farm |
| 14:12 | Construir | Farm |
| 14:14 | Construir | Farm |
| 14:17 | Construir | Farm |
| 14:28 | Crear | Villager (Male) |
| 14:28 | Crear | Villager (Male) |
| 14:46 | Crear | Scout Cavalry |
| 14:54 | Construir | Farm |
| 14:56 | Construir | Farm |
| 14:59 | Construir | Farm |
| 15:02 | Crear | Villager (Male) |
| 15:09 | Crear | Scout Cavalry |
| 15:19 | Construir | Farm |
| 15:23 | Crear | Villager (Male) |
| 15:30 | Crear | Scout Cavalry |
| 15:49 | Crear | Scout Cavalry |
| 15:53 | Construir | Farm |
| 15:55 | Construir | Farm |
| 15:58 | Crear | Villager (Male) |
| 16:05 | Crear | Scout Cavalry |
| 16:13 | Construir | Farm |
| 16:19 | Construir | Farm |
| 16:24 | Construir | Farm |
| 16:31 | Crear | Villager (Male) |
| 16:35 | Crear | Scout Cavalry |
| 16:35 | Crear | Scout Cavalry |
| 16:36 | Crear | Scout Cavalry |
| 16:38 | Construir | Farm |
| 16:39 | Construir | Farm |
| 16:42 | Crear | Villager (Male) |
| 16:46 | Crear | Scout Cavalry |
| 16:58 | Crear | Scout Cavalry |
| 16:58 | Crear | Scout Cavalry |
| 17:14 | Crear | Scout Cavalry |
| 17:15 | Crear | Scout Cavalry |
| 17:15 | Crear | Scout Cavalry |
| 17:15 | Crear | Scout Cavalry |
| 17:23 | Crear | Villager (Male) |
| 17:26 | Construir | Farm |
| 17:28 | Construir | Farm |
| 18:10 | Crear | Scout Cavalry |
| 18:10 | Crear | Scout Cavalry |
| 18:10 | Crear | Scout Cavalry |
| 18:11 | Crear | Scout Cavalry |
| 18:11 | Crear | Scout Cavalry |
| 18:58 | Crear | Scout Cavalry |
| 19:09 | Crear | Scout Cavalry |
| 19:09 | Crear | Scout Cavalry |
| 19:35 | Crear | Villager (Male) |
| 19:35 | Crear | Villager (Male) |
| 19:36 | Crear | Villager (Male) |
| 19:36 | Crear | Villager (Male) |
| 19:43 | Construir | Mining Camp |
| 20:10 | Crear | Scout Cavalry |
| 20:11 | Crear | Scout Cavalry |
| 20:11 | Crear | Scout Cavalry |
| 20:11 | Crear | Scout Cavalry |
| 21:01 | Crear | Scout Cavalry |
| 21:01 | Crear | Scout Cavalry |
| 21:03 | Crear | Villager (Male) |
| 21:03 | Crear | Villager (Male) |
| 21:09 | Investigar | Gold Mining |
| 21:15 | Investigar | Horse Collar |
| 21:16 | Investigar | Horse Collar |
| 21:21 | Construir | Farm |
| 22:06 | Construir | House |
| 22:07 | Construir | House |
| 22:08 | Construir | House |
| 22:11 | Investigar | Town Watch |
Build order — TheEel
Primeras 150 de 415 acciones detectadas
| 0:02 | Crear | Villager (Male) |
| 0:02 | Crear | Villager (Male) |
| 0:02 | Crear | Villager (Male) |
| 0:04 | Construir | House |
| 0:06 | Construir | House |
| 0:32 | Crear | Villager (Male) |
| 0:33 | Crear | Villager (Male) |
| 1:29 | Crear | Villager (Male) |
| 1:47 | Crear | Villager (Male) |
| 1:48 | Crear | Villager (Male) |
| 1:50 | Construir | Lumber Camp |
| 2:34 | Crear | Villager (Male) |
| 2:35 | Crear | Villager (Male) |
| 3:07 | Crear | Villager (Male) |
| 3:18 | Crear | Villager (Male) |
| 3:38 | Construir | House |
| 3:49 | Crear | Villager (Male) |
| 4:01 | Crear | Villager (Male) |
| 4:40 | Construir | House |
| 4:43 | Construir | House |
| 5:08 | Crear | Villager (Male) |
| 5:15 | Construir | Palisade Wall |
| 5:18 | Construir | Palisade Wall |
| 5:44 | Crear | Villager (Male) |
| 6:17 | Crear | Villager (Male) |
| 6:18 | Crear | Villager (Male) |
| 6:35 | Crear | Villager (Male) |
| 6:36 | Crear | Villager (Male) |
| 6:43 | Construir | Mill |
| 6:57 | Crear | Villager (Male) |
| 6:57 | Crear | Villager (Male) |
| 7:09 | Construir | Palisade Gate |
| 7:16 | Crear | Villager (Male) |
| 7:42 | Crear | Villager (Male) |
| 7:56 | Crear | Villager (Male) |
| 8:11 | Crear | Villager (Male) |
| 8:24 | Crear | Villager (Male) |
| 8:45 | Construir | House |
| 8:47 | Construir | House |
| 8:52 | Construir | Palisade Wall |
| 8:59 | Construir | Palisade Wall |
| 9:06 | Crear | Villager (Male) |
| 9:23 | Crear | Villager (Male) |
| 9:46 | Investigar | Feudal Age |
| 9:53 | Construir | Mining Camp |
| 10:25 | Construir | Mining Camp |
| 11:13 | Crear | Villager (Male) |
| 11:28 | Construir | Farm |
| 11:31 | Construir | Farm |
| 12:12 | Edad | Edad Feudal |
| 12:17 | Crear | Villager (Male) |
| 12:27 | Construir | Market |
| 12:33 | Construir | Blacksmith |
| 12:34 | Construir | House |
| 12:35 | Construir | House |
| 12:38 | Crear | Villager (Male) |
| 12:53 | Investigar | Loom |
| 13:27 | Crear | Villager (Male) |
| 13:35 | Construir | Farm |
| 14:04 | Investigar | Castle Age |
| 14:04 | Investigar | Castle Age |
| 15:53 | Construir | Barracks |
| 15:58 | Investigar | Double-Bit Axe |
| 16:27 | Crear | Spearman |
| 16:27 | Crear | Spearman |
| 16:39 | Crear | Spearman |
| 16:43 | Crear | Villager (Male) |
| 16:44 | Edad | Edad de los Castillos |
| 16:55 | Construir | Monastery |
| 17:31 | Construir | Castle |
| 17:38 | Crear | Spearman |
| 17:46 | Crear | Villager (Male) |
| 17:47 | Crear | Villager (Male) |
| 17:53 | Construir | Town Center |
| 17:59 | Crear | Villager (Male) |
| 18:10 | Construir | Farm |
| 18:13 | Construir | Farm |
| 18:47 | Crear | Villager (Male) |
| 18:48 | Crear | Villager (Male) |
| 18:56 | Investigar | Horse Collar |
| 19:36 | Construir | Gate |
| 19:45 | Construir | Stone Wall |
| 19:52 | Crear | Spearman |
| 20:02 | Crear | Villager (Male) |
| 20:07 | Construir | Farm |
| 20:09 | Construir | Farm |
| 20:11 | Construir | Farm |
| 20:28 | Construir | Mining Camp |
| 20:43 | Crear | Villager (Male) |
| 20:43 | Crear | Villager (Male) |
| 20:45 | Construir | Farm |
| 21:04 | Crear | Villager (Male) |
| 21:06 | Construir | Farm |
| 21:17 | Construir | Farm |
| 21:38 | Crear | Villager (Male) |
| 21:39 | Crear | Villager (Male) |
| 21:39 | Crear | Villager (Male) |
| 21:42 | Crear | Villager (Male) |
| 21:58 | Investigar | Bow Saw |
| 22:30 | Crear | Villager (Male) |
| 22:41 | Construir | Barracks |
| 22:50 | Crear | Villager (Male) |
| 22:50 | Crear | Villager (Male) |
| 23:02 | Construir | Farm |
| 23:06 | Crear | Villager (Male) |
| 23:39 | Crear | Villager (Male) |
| 23:40 | Crear | Villager (Male) |
| 23:40 | Crear | Villager (Male) |
| 23:48 | Construir | Lumber Camp |
| 23:58 | Construir | Castle |
| 24:04 | Construir | Mining Camp |
| 24:07 | Construir | Farm |
| 24:09 | Crear | Villager (Male) |
| 24:09 | Crear | Villager (Male) |
| 24:24 | Crear | Villager (Male) |
| 24:53 | Investigar | Fervor |
| 24:59 | Construir | Farm |
| 25:02 | Construir | Farm |
| 25:07 | Crear | Villager (Male) |
| 25:07 | Crear | Villager (Male) |
| 25:24 | Crear | Villager (Male) |
| 25:24 | Crear | Villager (Male) |
| 25:30 | Construir | Farm |
| 25:30 | Construir | Farm |
| 25:30 | Construir | Farm |
| 25:30 | Construir | Farm |
| 25:31 | Construir | Farm |
| 25:31 | Construir | Farm |
| 25:42 | Crear | Villager (Male) |
| 25:49 | Crear | Hussite Wagon |
| 25:56 | Crear | Villager (Male) |
| 26:09 | Crear | Villager (Male) |
| 26:11 | Construir | Lumber Camp |
| 26:29 | Crear | Villager (Male) |
| 26:29 | Crear | Villager (Male) |
| 26:35 | Crear | Villager (Male) |
| 26:55 | Construir | Stone Wall |
| 27:20 | Crear | Villager (Male) |
| 27:21 | Crear | Villager (Male) |
| 27:21 | Crear | Villager (Male) |
| 27:24 | Construir | Town Center |
| 27:29 | Construir | Farm |
| 27:30 | Construir | Farm |
| 27:30 | Construir | Farm |
| 27:30 | Construir | Farm |
| 27:30 | Construir | Farm |
| 27:31 | Construir | Farm |
| 27:59 | Construir | Stone Wall |
| 28:01 | Construir | Stone Wall |
| 28:02 | Construir | Stone Wall |
Build order — NuMa | DraKKo
Primeras 150 de 359 acciones detectadas
| 0:02 | Crear | Villager (Male) |
| 0:02 | Crear | Villager (Male) |
| 0:02 | Crear | Villager (Male) |
| 0:04 | Construir | House |
| 0:05 | Construir | House |
| 0:08 | Crear | Villager (Male) |
| 0:08 | Crear | Villager (Male) |
| 1:25 | Crear | Villager (Male) |
| 1:26 | Crear | Villager (Male) |
| 1:47 | Construir | Lumber Camp |
| 1:57 | Crear | Villager (Male) |
| 1:57 | Crear | Villager (Male) |
| 2:12 | Crear | Villager (Male) |
| 2:12 | Crear | Villager (Male) |
| 2:44 | Crear | Villager (Male) |
| 3:11 | Crear | Villager (Male) |
| 3:25 | Construir | House |
| 3:27 | Construir | House |
| 3:44 | Crear | Villager (Male) |
| 3:45 | Crear | Villager (Male) |
| 4:01 | Crear | Villager (Male) |
| 4:09 | Construir | Palisade Wall |
| 4:23 | Crear | Villager (Male) |
| 4:23 | Crear | Villager (Male) |
| 4:49 | Construir | Mill |
| 4:56 | Crear | Villager (Male) |
| 5:00 | Crear | Villager (Male) |
| 5:00 | Crear | Villager (Male) |
| 5:49 | Crear | Villager (Male) |
| 6:04 | Crear | Villager (Male) |
| 6:32 | Construir | Mining Camp |
| 6:34 | Crear | Villager (Male) |
| 7:03 | Crear | Villager (Male) |
| 7:30 | Crear | Villager (Male) |
| 7:54 | Crear | Villager (Male) |
| 8:20 | Crear | Villager (Male) |
| 8:21 | Crear | Villager (Male) |
| 8:24 | Construir | House |
| 8:32 | Investigar | Feudal Age |
| 9:42 | Crear | Villager (Male) |
| 9:47 | Construir | Barracks |
| 10:44 | Crear | Villager (Male) |
| 10:49 | Construir | House |
| 10:57 | Edad | Edad Feudal |
| 11:01 | Construir | Archery Range |
| 11:04 | Construir | Archery Range |
| 11:06 | Crear | Villager (Male) |
| 11:08 | Investigar | Double-Bit Axe |
| 11:09 | Crear | Villager (Male) |
| 11:22 | Crear | Villager (Male) |
| 11:47 | Construir | Blacksmith |
| 11:49 | Crear | Villager (Male) |
| 11:52 | Crear | Archer |
| 11:53 | Crear | Archer |
| 12:01 | Crear | Archer |
| 12:01 | Crear | Archer |
| 12:12 | Construir | Watch Tower |
| 12:22 | Crear | Villager (Male) |
| 12:26 | Crear | Villager (Male) |
| 12:29 | Construir | Farm |
| 12:30 | Crear | Archer |
| 12:30 | Crear | Archer |
| 12:38 | Crear | Villager (Male) |
| 13:04 | Crear | Archer |
| 13:04 | Crear | Archer |
| 13:05 | Crear | Villager (Male) |
| 13:15 | Construir | House |
| 13:25 | Investigar | Fletching |
| 13:27 | Crear | Archer |
| 13:27 | Crear | Archer |
| 13:30 | Construir | Farm |
| 13:35 | Construir | House |
| 13:40 | Construir | House |
| 13:48 | Crear | Archer |
| 13:49 | Crear | Archer |
| 13:49 | Crear | Archer |
| 14:07 | Construir | House |
| 14:22 | Crear | Villager (Male) |
| 14:48 | Crear | Archer |
| 14:48 | Crear | Archer |
| 15:48 | Construir | House |
| 15:54 | Construir | Farm |
| 15:55 | Construir | Farm |
| 16:02 | Construir | House |
| 16:05 | Construir | House |
| 16:11 | Crear | Villager (Male) |
| 16:11 | Crear | Villager (Male) |
| 16:12 | Crear | Villager (Male) |
| 16:15 | Construir | Mining Camp |
| 16:17 | Crear | Villager (Male) |
| 16:22 | Construir | Market |
| 16:26 | Construir | Farm |
| 16:27 | Crear | Villager (Male) |
| 16:27 | Crear | Villager (Male) |
| 16:32 | Crear | Archer ×2 |
| 16:33 | Crear | Archer ×2 |
| 16:39 | Construir | Farm |
| 17:16 | Crear | Villager (Male) |
| 17:16 | Crear | Villager (Male) |
| 17:30 | Crear | Villager (Male) |
| 17:49 | Construir | Farm |
| 17:50 | Crear | Villager (Male) |
| 17:50 | Crear | Villager (Male) |
| 18:10 | Construir | Watch Tower |
| 18:19 | Construir | Watch Tower |
| 18:25 | Crear | Villager (Male) |
| 18:30 | Construir | Farm |
| 18:30 | Construir | Farm |
| 18:31 | Construir | Farm |
| 18:31 | Construir | Farm |
| 18:31 | Construir | Farm |
| 18:31 | Construir | Farm |
| 18:32 | Construir | Farm |
| 18:32 | Construir | Farm |
| 18:32 | Construir | Farm |
| 18:32 | Construir | Farm |
| 18:33 | Construir | Farm |
| 18:37 | Crear | Villager (Male) |
| 19:15 | Construir | Farm |
| 19:22 | Crear | Villager (Male) |
| 19:48 | Crear | Villager (Male) |
| 20:20 | Crear | Villager (Male) |
| 20:20 | Crear | Villager (Male) |
| 20:33 | Crear | Villager (Male) |
| 20:47 | Crear | Villager (Male) |
| 20:50 | Crear | Villager (Male) |
| 20:59 | Construir | Farm |
| 20:59 | Construir | Farm |
| 21:20 | Crear | Villager (Male) |
| 21:21 | Crear | Villager (Male) |
| 21:26 | Crear | Villager (Male) |
| 21:26 | Crear | Villager (Male) |
| 21:59 | Investigar | Castle Age |
| 22:12 | Construir | Palisade Wall |
| 22:18 | Construir | House |
| 22:26 | Investigar | Loom |
| 22:32 | Investigar | Padded Archer Armor |
| 22:33 | Crear | Villager (Male) |
| 22:57 | Construir | Stable |
| 23:10 | Construir | Mining Camp |
| 23:37 | Investigar | Horse Collar |
| 24:17 | Construir | House |
| 24:20 | Construir | House |
| 24:56 | Edad | Edad de los Castillos |
| 25:05 | Construir | Castle |
| 25:12 | Investigar | Bodkin Arrow |
| 25:13 | Crear | Cavalry Archer |
| 25:13 | Crear | Cavalry Archer |
| 25:14 | Crear | Villager (Male) |
| 25:22 | Crear | Villager (Male) |
Build order — ozzyhapdo
Primeras 150 de 398 acciones detectadas
| 0:01 | Crear | Villager (Male) |
| 0:03 | Construir | House |
| 0:05 | Construir | House |
| 0:12 | Crear | Villager (Male) |
| 0:18 | Crear | Villager (Male) |
| 0:30 | Crear | Villager (Male) |
| 1:25 | Crear | Villager (Male) |
| 1:50 | Construir | Lumber Camp |
| 1:52 | Crear | Villager (Male) |
| 2:19 | Crear | Villager (Male) |
| 2:43 | Crear | Villager (Male) |
| 3:04 | Crear | Villager (Male) |
| 3:08 | Construir | House |
| 3:22 | Crear | Villager (Male) |
| 3:38 | Crear | Villager (Male) |
| 4:01 | Crear | Villager (Male) |
| 4:51 | Crear | Villager (Male) |
| 5:01 | Construir | Mill |
| 5:03 | Crear | Villager (Male) |
| 5:09 | Construir | House |
| 5:22 | Crear | Villager (Male) |
| 5:49 | Crear | Villager (Male) |
| 6:12 | Crear | Villager (Male) |
| 6:17 | Crear | Villager (Male) |
| 6:22 | Crear | Villager (Male) |
| 6:50 | Construir | House |
| 7:50 | Investigar | Feudal Age |
| 8:01 | Construir | Barracks |
| 8:46 | Construir | Palisade Wall |
| 8:49 | Construir | Palisade Wall |
| 9:44 | Construir | Palisade Gate |
| 9:54 | Crear | Villager (Male) |
| 10:06 | Edad | Edad Feudal |
| 10:11 | Investigar | Double-Bit Axe |
| 10:19 | Construir | Stable |
| 10:30 | Crear | Villager (Male) |
| 10:44 | Crear | Spearman |
| 10:56 | Crear | Villager (Male) |
| 11:06 | Crear | Scout Cavalry |
| 11:13 | Crear | Villager (Male) |
| 11:23 | Crear | Villager (Male) |
| 11:24 | Investigar | Horse Collar |
| 11:31 | Construir | House |
| 11:32 | Construir | House |
| 11:41 | Construir | Archery Range |
| 11:51 | Crear | Scout Cavalry |
| 11:55 | Crear | Villager (Male) |
| 12:01 | Construir | Farm |
| 12:02 | Construir | Farm |
| 12:17 | Crear | Villager (Male) |
| 12:20 | Construir | Farm |
| 12:26 | Crear | Scout Cavalry |
| 12:36 | Construir | House |
| 12:42 | Construir | House |
| 12:47 | Crear | Villager (Male) |
| 12:50 | Construir | Farm |
| 12:55 | Construir | Farm |
| 13:06 | Crear | Archer |
| 13:15 | Crear | Villager (Male) |
| 13:20 | Construir | Palisade Wall |
| 13:22 | Construir | Palisade Wall |
| 13:31 | Crear | Villager (Male) |
| 13:40 | Crear | Villager (Male) |
| 13:42 | Construir | Farm |
| 13:44 | Construir | Farm |
| 13:45 | Construir | Farm |
| 13:46 | Construir | Farm |
| 13:54 | Crear | Villager (Male) |
| 14:14 | Construir | Palisade Wall |
| 14:19 | Crear | Villager (Male) |
| 14:57 | Construir | House |
| 15:02 | Construir | House |
| 15:08 | Crear | Villager (Male) |
| 15:10 | Construir | Farm |
| 15:11 | Construir | Farm |
| 15:13 | Construir | Farm |
| 15:15 | Construir | Farm |
| 15:15 | Construir | Farm |
| 15:19 | Construir | Farm |
| 15:21 | Crear | Villager (Male) |
| 15:26 | Crear | Scout Cavalry |
| 15:30 | Crear | Villager (Male) |
| 15:49 | Construir | Farm |
| 15:57 | Construir | Stable |
| 16:07 | Construir | Mining Camp |
| 16:21 | Construir | Farm |
| 16:36 | Investigar | Wheelbarrow |
| 17:01 | Construir | Blacksmith |
| 17:19 | Construir | Mining Camp |
| 17:21 | Investigar | Stone Mining |
| 17:26 | Crear | Scout Cavalry |
| 17:43 | Crear | Scout Cavalry |
| 17:49 | Investigar | Scale Barding Armor |
| 18:03 | Crear | Villager (Male) |
| 18:11 | Crear | Scout Cavalry |
| 18:12 | Crear | Scout Cavalry |
| 18:20 | Construir | House |
| 18:21 | Construir | House |
| 18:30 | Investigar | Forging |
| 18:36 | Crear | Scout Cavalry |
| 18:49 | Investigar | Bloodlines |
| 18:51 | Crear | Villager (Male) |
| 19:06 | Crear | Scout Cavalry |
| 19:14 | Crear | Villager (Male) |
| 19:16 | Construir | Farm |
| 19:18 | Construir | Farm |
| 19:25 | Crear | Villager (Male) |
| 19:26 | Crear | Scout Cavalry |
| 19:26 | Crear | Scout Cavalry |
| 19:43 | Crear | Villager (Male) |
| 20:03 | Crear | Villager (Male) |
| 20:17 | Crear | Villager (Male) |
| 21:01 | Crear | Scout Cavalry |
| 21:11 | Construir | Farm |
| 21:12 | Construir | Farm |
| 21:13 | Construir | Farm |
| 21:14 | Construir | Farm |
| 21:15 | Construir | Farm |
| 21:19 | Crear | Villager (Male) |
| 21:23 | Crear | Scout Cavalry |
| 21:24 | Crear | Scout Cavalry |
| 21:34 | Construir | Farm |
| 22:12 | Investigar | Castle Age |
| 22:57 | Investigar | Gold Mining |
| 23:04 | Construir | Lumber Camp |
| 23:22 | Crear | Spearman |
| 23:22 | Crear | Spearman |
| 24:08 | Crear | Villager (Male) |
| 24:36 | Investigar | Loom |
| 24:52 | Edad | Edad de los Castillos |
| 24:55 | Construir | Town Center |
| 24:59 | Crear | Camel Scout |
| 24:59 | Crear | Camel Scout |
| 25:03 | Investigar | Chain Barding Armor |
| 25:04 | Crear | Villager (Male) |
| 25:05 | Investigar | Bow Saw |
| 25:07 | Investigar | Heavy Plow |
| 25:18 | Crear | Camel Scout |
| 25:30 | Investigar | Hand Cart |
| 25:33 | Crear | Villager (Male) |
| 25:36 | Crear | Villager (Male) |
| 25:43 | Investigar | Husbandry |
| 25:44 | Crear | Steppe Lancer |
| 25:45 | Crear | Camel Scout |
| 25:45 | Crear | Steppe Lancer |
| 25:49 | Crear | Villager (Male) |
| 25:53 | Construir | House |
| 25:54 | Construir | House |
| 25:54 | Construir | House |
| 25:54 | Construir | House |
Build order — NuMa | Maurofarfan01
Primeras 150 de 698 acciones detectadas
| 0:01 | Crear | Villager (Male) |
| 0:02 | Crear | Villager (Male) |
| 0:02 | Crear | Villager (Male) |
| 0:02 | Crear | Villager (Male) |
| 0:02 | Crear | Villager (Male) |
| 0:04 | Construir | House |
| 0:05 | Construir | House |
| 1:24 | Crear | Villager (Male) |
| 1:25 | Crear | Villager (Male) |
| 1:46 | Construir | Lumber Camp |
| 2:04 | Crear | Villager (Male) |
| 2:04 | Crear | Villager (Male) |
| 2:23 | Crear | Villager (Male) |
| 2:24 | Crear | Villager (Male) |
| 2:42 | Crear | Villager (Male) |
| 2:42 | Crear | Villager (Male) |
| 3:25 | Crear | Villager (Male) |
| 3:25 | Crear | Villager (Male) |
| 3:35 | Construir | House |
| 3:36 | Construir | House |
| 3:39 | Crear | Villager (Male) |
| 3:40 | Crear | Villager (Male) |
| 4:07 | Crear | Villager (Male) |
| 4:08 | Crear | Villager (Male) |
| 4:30 | Construir | Palisade Wall |
| 4:40 | Crear | Villager (Male) |
| 4:40 | Crear | Villager (Male) |
| 5:00 | Crear | Villager (Male) |
| 5:01 | Crear | Villager (Male) |
| 5:03 | Crear | Villager (Male) |
| 5:03 | Crear | Villager (Male) |
| 5:04 | Crear | Villager (Male) |
| 5:10 | Construir | Mill |
| 5:31 | Crear | Villager (Male) |
| 5:32 | Crear | Villager (Male) |
| 5:32 | Crear | Villager (Male) |
| 6:08 | Crear | Villager (Male) |
| 6:44 | Investigar | Feudal Age |
| 7:50 | Construir | Barracks |
| 8:55 | Edad | Edad Feudal |
| 8:57 | Construir | Stable |
| 8:57 | Crear | Villager (Male) |
| 8:58 | Crear | Villager (Male) |
| 9:06 | Investigar | Double-Bit Axe |
| 9:07 | Crear | Villager (Male) |
| 9:43 | Crear | Villager (Male) |
| 9:44 | Construir | Farm |
| 9:47 | Construir | Palisade Wall |
| 9:47 | Crear | Scout Cavalry |
| 9:48 | Crear | Scout Cavalry |
| 9:48 | Crear | Scout Cavalry |
| 9:56 | Construir | Farm |
| 10:06 | Construir | Farm |
| 10:07 | Crear | Villager (Male) |
| 10:09 | Construir | House |
| 10:26 | Construir | Farm |
| 10:32 | Construir | House |
| 10:57 | Crear | Villager (Male) |
| 10:59 | Construir | Farm |
| 11:01 | Construir | Farm |
| 11:06 | Construir | House |
| 11:08 | Crear | Scout Cavalry |
| 11:09 | Crear | Scout Cavalry |
| 11:20 | Crear | Villager (Male) |
| 11:20 | Crear | Villager (Male) |
| 11:23 | Construir | Farm |
| 11:43 | Crear | Villager (Male) |
| 11:45 | Construir | Farm |
| 11:47 | Construir | Farm |
| 12:17 | Crear | Villager (Male) |
| 12:20 | Construir | Farm |
| 12:20 | Construir | Farm |
| 12:33 | Construir | Farm |
| 12:34 | Crear | Villager (Male) |
| 12:49 | Crear | Villager (Male) |
| 12:51 | Construir | Farm |
| 13:07 | Crear | Scout Cavalry |
| 13:08 | Crear | Scout Cavalry |
| 13:27 | Crear | Villager (Male) |
| 13:29 | Construir | Farm |
| 13:32 | Construir | Farm |
| 13:39 | Crear | Villager (Male) |
| 13:54 | Crear | Villager (Male) |
| 14:03 | Crear | Villager (Male) |
| 14:05 | Construir | Farm |
| 14:08 | Construir | House |
| 14:20 | Crear | Villager (Male) |
| 14:39 | Construir | Mining Camp |
| 15:12 | Crear | Villager (Male) |
| 15:18 | Construir | Market |
| 15:43 | Construir | Farm |
| 16:17 | Investigar | Castle Age |
| 16:17 | Investigar | Castle Age |
| 16:47 | Investigar | Horse Collar |
| 16:48 | Investigar | Horse Collar |
| 16:49 | Investigar | Gold Mining |
| 16:49 | Investigar | Gold Mining |
| 17:44 | Crear | Villager (Male) |
| 18:02 | Construir | Lumber Camp |
| 18:23 | Construir | Stable |
| 18:51 | Crear | Villager (Male) |
| 18:57 | Edad | Edad de los Castillos |
| 19:01 | Construir | Blacksmith |
| 19:26 | Crear | Knight |
| 19:26 | Crear | Knight |
| 19:26 | Crear | Knight |
| 19:26 | Crear | Knight |
| 19:26 | Crear | Knight |
| 19:26 | Crear | Knight |
| 19:28 | Crear | Villager (Male) |
| 19:29 | Construir | House |
| 19:51 | Investigar | Husbandry |
| 19:59 | Investigar | Bloodlines |
| 20:13 | Investigar | Scale Barding Armor |
| 20:13 | Investigar | Scale Barding Armor |
| 20:13 | Crear | Villager (Male) |
| 20:15 | Crear | Knight |
| 20:15 | Crear | Knight |
| 20:15 | Crear | Knight |
| 20:16 | Crear | Knight |
| 20:16 | Crear | Knight |
| 20:16 | Crear | Knight |
| 20:16 | Crear | Knight |
| 20:26 | Crear | Villager (Male) |
| 20:28 | Construir | Town Center |
| 20:30 | Crear | Villager (Male) |
| 20:43 | Crear | Villager (Male) |
| 20:47 | Investigar | Bow Saw |
| 20:48 | Crear | Villager (Male) |
| 20:52 | Crear | Knight |
| 20:52 | Crear | Knight |
| 20:52 | Crear | Knight |
| 20:52 | Crear | Knight |
| 21:06 | Crear | Villager (Male) |
| 21:19 | Crear | Villager (Male) |
| 21:39 | Crear | Villager (Male) |
| 21:49 | Crear | Villager (Male) |
| 21:58 | Crear | Villager (Male) |
| 22:14 | Crear | Knight |
| 22:14 | Crear | Knight |
| 22:14 | Crear | Knight |
| 22:14 | Crear | Knight |
| 22:14 | Crear | Knight |
| 22:14 | Crear | Knight |
| 22:14 | Crear | Knight |
| 22:16 | Crear | Villager (Male) |
| 22:25 | Crear | Villager (Male) |
| 22:31 | Construir | Town Center |
| 22:39 | Construir | Farm |
| 22:41 | Construir | Farm |
Build order — DrJorgexx
Primeras 150 de 385 acciones detectadas
| 0:03 | Construir | House |
| 0:05 | Construir | House |
| 0:06 | Crear | Villager (Male) |
| 0:06 | Crear | Villager (Male) |
| 0:06 | Crear | Villager (Male) |
| 0:20 | Crear | Villager (Male) |
| 0:21 | Crear | Villager (Male) |
| 1:32 | Crear | Villager (Male) |
| 1:32 | Crear | Villager (Male) |
| 1:33 | Crear | Villager (Male) |
| 1:56 | Construir | Lumber Camp |
| 2:08 | Crear | Villager (Male) |
| 2:09 | Crear | Villager (Male) |
| 2:09 | Crear | Villager (Male) |
| 2:22 | Crear | Villager (Male) |
| 2:22 | Crear | Villager (Male) |
| 2:22 | Crear | Villager (Male) |
| 2:57 | Crear | Villager (Male) |
| 2:58 | Crear | Villager (Male) |
| 2:58 | Crear | Villager (Male) |
| 3:28 | Crear | Villager (Male) |
| 3:28 | Crear | Villager (Male) |
| 3:28 | Crear | Villager (Male) |
| 3:50 | Crear | Villager (Male) |
| 3:51 | Crear | Villager (Male) |
| 3:51 | Crear | Villager (Male) |
| 4:14 | Crear | Villager (Male) |
| 4:14 | Crear | Villager (Male) |
| 4:17 | Construir | House |
| 4:19 | Construir | House |
| 4:25 | Crear | Villager (Male) |
| 4:25 | Crear | Villager (Male) |
| 4:26 | Crear | Villager (Male) |
| 4:51 | Crear | Villager (Male) |
| 4:52 | Crear | Villager (Male) |
| 5:14 | Crear | Villager (Male) |
| 5:15 | Crear | Villager (Male) |
| 5:15 | Crear | Villager (Male) |
| 5:15 | Crear | Villager (Male) |
| 5:16 | Crear | Villager (Male) |
| 5:43 | Crear | Villager (Male) |
| 6:07 | Crear | Villager (Male) |
| 6:23 | Construir | Mill |
| 6:49 | Investigar | Loom |
| 7:19 | Construir | Mining Camp |
| 8:00 | Investigar | Feudal Age |
| 8:22 | Crear | Villager (Male) |
| 8:32 | Construir | Palisade Wall |
| 8:40 | Construir | Palisade Gate |
| 8:47 | Crear | Villager (Male) |
| 10:10 | Edad | Edad Feudal |
| 10:25 | Construir | Watch Tower |
| 10:49 | Construir | Watch Tower |
| 11:11 | Crear | Villager (Male) |
| 11:11 | Crear | Villager (Male) |
| 11:31 | Crear | Villager (Male) |
| 11:50 | Construir | Watch Tower |
| 12:15 | Crear | Villager (Male) |
| 12:16 | Crear | Villager (Male) |
| 12:22 | Construir | Blacksmith |
| 12:28 | Construir | House |
| 12:29 | Construir | House |
| 12:59 | Investigar | Fletching |
| 13:41 | Crear | Villager (Male) |
| 13:41 | Crear | Villager (Male) |
| 13:46 | Crear | Villager (Male) |
| 14:28 | Construir | House |
| 14:29 | Construir | House |
| 14:30 | Construir | House |
| 14:35 | Construir | House |
| 14:41 | Crear | Villager (Male) |
| 14:41 | Crear | Villager (Male) |
| 14:42 | Crear | Villager (Male) |
| 14:57 | Construir | Watch Tower |
| 15:07 | Construir | Palisade Wall |
| 15:12 | Crear | Villager (Male) |
| 15:12 | Crear | Villager (Male) |
| 15:12 | Crear | Villager (Male) |
| 15:16 | Construir | House |
| 15:19 | Construir | House |
| 15:22 | Construir | House |
| 16:07 | Crear | Villager (Male) |
| 16:07 | Crear | Villager (Male) |
| 16:07 | Crear | Villager (Male) |
| 16:08 | Crear | Villager (Male) |
| 16:15 | Construir | Stone Wall |
| 16:18 | Construir | Stone Wall |
| 16:19 | Construir | Stone Wall |
| 16:20 | Construir | Stone Wall |
| 16:22 | Construir | Stone Wall |
| 16:26 | Crear | Villager (Male) |
| 16:27 | Crear | Villager (Male) |
| 17:01 | Construir | Watch Tower |
| 17:55 | Construir | Watch Tower |
| 19:34 | Crear | Villager (Male) |
| 19:35 | Crear | Villager (Male) |
| 19:35 | Crear | Villager (Male) |
| 19:35 | Crear | Villager (Male) |
| 20:37 | Crear | Villager (Male) |
| 21:12 | Crear | Villager (Male) |
| 21:12 | Crear | Villager (Male) |
| 21:18 | Construir | Gate |
| 21:26 | Construir | Farm |
| 21:27 | Construir | Farm |
| 21:28 | Construir | Farm |
| 21:29 | Construir | Farm |
| 21:32 | Construir | Farm |
| 21:32 | Construir | Farm |
| 21:35 | Construir | Farm |
| 21:36 | Crear | Villager (Male) |
| 21:59 | Crear | Villager (Male) |
| 22:00 | Crear | Villager (Male) |
| 22:13 | Construir | Mining Camp |
| 22:42 | Construir | Lumber Camp |
| 22:44 | Crear | Villager (Male) |
| 22:51 | Construir | Farm |
| 22:52 | Construir | Farm |
| 23:27 | Construir | Stone Wall |
| 23:38 | Crear | Villager (Male) |
| 23:42 | Construir | Farm |
| 23:42 | Construir | Farm |
| 23:43 | Construir | Farm |
| 23:43 | Construir | Farm |
| 23:45 | Crear | Villager (Male) |
| 23:46 | Crear | Villager (Male) |
| 24:00 | Investigar | Horse Collar |
| 24:05 | Crear | Villager (Male) |
| 24:30 | Investigar | Double-Bit Axe |
| 24:35 | Construir | Farm |
| 24:36 | Construir | Farm |
| 24:38 | Construir | Farm |
| 24:52 | Construir | House |
| 24:53 | Construir | House |
| 24:58 | Crear | Villager (Male) |
| 24:59 | Crear | Villager (Male) |
| 25:14 | Crear | Villager (Male) |
| 25:14 | Crear | Villager (Male) |
| 25:27 | Construir | Farm |
| 25:29 | Construir | Farm |
| 25:31 | Construir | Farm |
| 25:33 | Crear | Villager (Male) |
| 25:47 | Construir | Market |
| 25:57 | Crear | Villager (Male) |
| 26:10 | Construir | Farm |
| 26:11 | Construir | Farm |
| 26:16 | Crear | Villager (Male) |
| 26:45 | Crear | Villager (Male) |
| 26:50 | Construir | Barracks |
| 26:54 | Crear | Villager (Male) |
| 26:58 | Construir | Farm |
Build order — NuMa | Edd
Primeras 150 de 259 acciones detectadas
| 0:02 | Crear | Villager (Male) |
| 0:02 | Crear | Villager (Male) |
| 0:02 | Crear | Villager (Male) |
| 0:05 | Construir | House |
| 0:06 | Construir | House |
| 0:28 | Crear | Villager (Male) |
| 1:26 | Crear | Villager (Male) |
| 1:57 | Construir | Lumber Camp |
| 2:06 | Crear | Villager (Male) |
| 2:06 | Crear | Villager (Male) |
| 2:21 | Crear | Villager (Male) |
| 2:22 | Crear | Villager (Male) |
| 2:32 | Investigar | Loom |
| 2:41 | Crear | Villager (Male) |
| 2:42 | Crear | Villager (Male) |
| 3:10 | Crear | Villager (Male) |
| 3:54 | Construir | House |
| 4:16 | Crear | Villager (Male) |
| 4:16 | Crear | Villager (Male) |
| 4:19 | Construir | Mill |
| 4:26 | Crear | Villager (Male) |
| 4:26 | Crear | Villager (Male) |
| 4:50 | Crear | Villager (Male) |
| 4:50 | Crear | Villager (Male) |
| 5:17 | Crear | Villager (Male) |
| 5:24 | Crear | Villager (Male) |
| 5:33 | Construir | House |
| 5:36 | Crear | Villager (Male) |
| 6:02 | Construir | Palisade Wall |
| 6:56 | Construir | Lumber Camp |
| 7:16 | Crear | Villager (Male) |
| 7:18 | Crear | Villager (Male) |
| 7:25 | Construir | Mining Camp |
| 7:39 | Construir | Palisade Gate |
| 8:01 | Crear | Villager (Male) |
| 8:32 | Construir | House |
| 8:35 | Crear | Villager (Male) |
| 9:05 | Crear | Villager (Male) |
| 9:26 | Construir | House |
| 9:36 | Investigar | Feudal Age |
| 9:46 | Construir | Barracks |
| 10:01 | Construir | House |
| 11:46 | Edad | Edad Feudal |
| 11:56 | Crear | Villager (Male) |
| 11:56 | Crear | Villager (Male) |
| 12:19 | Crear | Villager (Male) |
| 12:24 | Construir | Mill |
| 12:30 | Construir | Farm |
| 12:34 | Construir | Farm |
| 12:35 | Construir | Farm |
| 12:44 | Construir | Farm |
| 12:44 | Construir | Farm |
| 12:45 | Construir | Farm |
| 12:46 | Crear | Villager (Male) |
| 12:54 | Construir | Farm |
| 13:05 | Construir | Stable |
| 13:11 | Crear | Villager (Male) |
| 13:16 | Construir | Farm |
| 13:42 | Construir | Farm |
| 14:03 | Construir | Blacksmith |
| 14:06 | Crear | Scout Cavalry |
| 14:06 | Crear | Scout Cavalry |
| 14:13 | Crear | Villager (Male) |
| 14:26 | Construir | House |
| 14:27 | Construir | House |
| 14:29 | Crear | Villager (Male) |
| 14:31 | Construir | Farm |
| 14:41 | Investigar | Bloodlines |
| 14:43 | Crear | Villager (Male) |
| 14:47 | Construir | Farm |
| 14:59 | Crear | Scout Cavalry |
| 15:09 | Crear | Villager (Male) |
| 15:16 | Construir | Farm |
| 15:24 | Construir | Farm |
| 15:24 | Construir | Farm |
| 15:24 | Construir | Farm |
| 15:24 | Construir | Farm |
| 15:25 | Construir | Farm |
| 15:25 | Construir | Farm |
| 15:46 | Investigar | Wheelbarrow |
| 15:57 | Crear | Villager (Male) |
| 16:16 | Construir | Farm |
| 16:17 | Construir | Farm |
| 16:20 | Crear | Villager (Male) |
| 16:52 | Crear | Villager (Male) |
| 16:52 | Crear | Villager (Male) |
| 17:06 | Crear | Villager (Male) |
| 17:06 | Crear | Villager (Male) |
| 17:20 | Crear | Villager (Male) |
| 17:20 | Crear | Villager (Male) |
| 17:49 | Crear | Villager (Male) |
| 17:50 | Crear | Villager (Male) |
| 17:59 | Crear | Villager (Male) |
| 18:15 | Crear | Villager (Male) |
| 18:15 | Crear | Villager (Male) |
| 18:18 | Investigar | Double-Bit Axe |
| 18:23 | Investigar | Horse Collar |
| 18:53 | Construir | Farm |
| 19:00 | Construir | Farm |
| 19:00 | Construir | Farm |
| 19:00 | Construir | Farm |
| 19:00 | Construir | Farm |
| 19:01 | Construir | Farm |
| 19:01 | Construir | Farm |
| 19:01 | Construir | Farm |
| 19:02 | Construir | Farm |
| 19:26 | Investigar | Castle Age |
| 19:42 | Construir | House |
| 20:17 | Construir | Archery Range |
| 20:39 | Investigar | Fletching |
| 20:39 | Investigar | Padded Archer Armor |
| 21:44 | Construir | Archery Range |
| 22:43 | Edad | Edad de los Castillos |
| 22:50 | Construir | Town Center |
| 22:52 | Crear | Villager (Male) |
| 22:52 | Crear | Villager (Male) |
| 23:04 | Construir | Town Center |
| 23:11 | Investigar | Crossbowman (upgrade) |
| 23:42 | Construir | Market |
| 23:43 | Crear | Villager (Male) |
| 23:47 | Investigar | Bodkin Arrow |
| 23:47 | Investigar | Leather Archer Armor |
| 23:50 | Crear | Villager (Male) |
| 23:50 | Crear | Villager (Male) |
| 24:31 | Crear | Cavalry Archer |
| 24:31 | Crear | Cavalry Archer |
| 24:31 | Crear | Cavalry Archer |
| 24:34 | Crear | Villager (Male) |
| 24:35 | Crear | Villager (Male) |
| 24:46 | Investigar | Light Cavalry (upgrade) |
| 24:47 | Investigar | Husbandry |
| 25:23 | Construir | Siege Workshop |
| 25:25 | Crear | Villager (Male) |
| 25:25 | Crear | Villager (Male) |
| 25:58 | Crear | Villager (Male) |
| 26:03 | Crear | Villager (Male) |
| 26:03 | Crear | Villager (Male) |
| 26:27 | Construir | Archery Range |
| 26:39 | Construir | Farm |
| 26:40 | Crear | Villager (Male) |
| 27:21 | Construir | Gate |
| 27:30 | Crear | Battering Ram |
| 27:31 | Crear | Battering Ram |
| 27:31 | Crear | Battering Ram |
| 27:34 | Construir | House |
| 27:35 | Construir | House |
| 27:50 | Construir | Farm |
| 27:52 | Construir | Farm |
| 27:53 | Crear | Villager (Male) |
| 27:54 | Crear | Villager (Male) |
Cronología de la partida
| 4:09 | NuMa | DraKKo · wall_segment Palisade Wall x11 |
| 4:30 | NuMa | Maurofarfan01 · wall_segment Palisade Wall x2 |
| 4:39 | JohnCarter · wall_segment Palisade Wall x7 |
| 5:15 | TheEel · wall_segment Palisade Wall x3 |
| 5:18 | TheEel · wall_segment Palisade Wall x6 |
| 5:52 | [NuMa] giares · wall_segment Palisade Wall x5 |
| 6:02 | NuMa | Edd · wall_segment Palisade Wall x14 |
| 7:50 | NuMa | Maurofarfan01 · first_building Barracks |
| 8:01 | ozzyhapdo · first_building Barracks |
| 8:32 | DrJorgexx · wall_segment Palisade Wall x5 |
| 8:46 | ozzyhapdo · wall_segment Palisade Wall x6 |
| 8:47 | [NuMa] giares · first_building Barracks |
| 8:49 | ozzyhapdo · wall_segment Palisade Wall x6 |
| 8:52 | TheEel · wall_segment Palisade Wall x6 |
| 8:55 | NuMa | Maurofarfan01 · age_up feudal |
| 8:57 | NuMa | Maurofarfan01 · first_building Stable |
| 8:59 | TheEel · wall_segment Palisade Wall x5 |
| 9:46 | NuMa | Edd · first_building Barracks |
| 9:47 | NuMa | DraKKo · first_building Barracks |
| 9:47 | NuMa | Maurofarfan01 · wall_segment Palisade Wall x1 |
| 9:49 | [NuMa] giares · age_up feudal |
| 10:02 | [NuMa] giares · first_building Stable |
| 10:06 | ozzyhapdo · age_up feudal |
| 10:10 | DrJorgexx · age_up feudal |
| 10:19 | ozzyhapdo · first_building Stable |
| 10:57 | NuMa | DraKKo · age_up feudal |
| 11:01 | NuMa | DraKKo · first_building Archery Range |
| 11:07 | JohnCarter · age_up feudal |
| 11:41 | ozzyhapdo · first_building Archery Range |
| 11:46 | NuMa | Edd · age_up feudal |
| 12:12 | TheEel · age_up feudal |
| 13:05 | NuMa | Edd · first_building Stable |
| 13:20 | ozzyhapdo · wall_segment Palisade Wall x1 |
| 13:22 | ozzyhapdo · wall_segment Palisade Wall x1 |
| 14:14 | ozzyhapdo · wall_segment Palisade Wall x1 |
| 15:07 | DrJorgexx · wall_segment Palisade Wall x1 |
| 15:40 | JohnCarter · age_up castle |
| 15:49 | JohnCarter · first_building Barracks |
| 15:53 | TheEel · first_building Barracks |
| 16:12 | NuMa | Maurofarfan01 · first_market_sell 100 wood |
| 16:15 | DrJorgexx · wall_segment Stone Wall x5 |
| 16:18 | DrJorgexx · wall_segment Stone Wall x3 |
| 16:19 | DrJorgexx · wall_segment Stone Wall x1 |
| 16:20 | DrJorgexx · wall_segment Stone Wall x1 |
| 16:22 | DrJorgexx · wall_segment Stone Wall x4 |
| 16:22 | JohnCarter · first_building Castle |
| 16:44 | TheEel · age_up castle |
| 16:55 | TheEel · first_building Monastery |
| 17:31 | TheEel · first_building Castle |
| 18:57 | NuMa | Maurofarfan01 · age_up castle |
| 19:45 | TheEel · wall_segment Stone Wall x8 |
| 19:48 | JohnCarter · first_building Monastery |
| 20:17 | NuMa | Edd · first_building Archery Range |
| 21:56 | NuMa | DraKKo · first_market_sell 100 stone |
| 22:12 | NuMa | DraKKo · wall_segment Palisade Wall x1 |
| 22:43 | NuMa | Edd · age_up castle |
| 22:57 | NuMa | DraKKo · first_building Stable |
| 23:27 | DrJorgexx · wall_segment Stone Wall x6 |
| 24:21 | JohnCarter · first_market_buy 100 food |
| 24:52 | ozzyhapdo · age_up castle |
| 24:56 | NuMa | DraKKo · age_up castle |
| 25:05 | NuMa | DraKKo · first_building Castle |
| 25:14 | NuMa | Edd · first_market_sell 100 food |
| 25:16 | NuMa | Edd · first_market_buy 100 wood |
| 25:23 | NuMa | Edd · first_building Siege Workshop |
| 25:57 | NuMa | Maurofarfan01 · first_market_buy 100 food |
| 26:14 | ozzyhapdo · first_building Monastery |
| 26:50 | DrJorgexx · first_building Barracks |
| 26:55 | TheEel · wall_segment Stone Wall x4 |
| 27:06 | [NuMa] giares · age_up castle |
| 27:51 | DrJorgexx · first_building Stable |
| 27:59 | TheEel · wall_segment Stone Wall x4 |
| 28:01 | TheEel · wall_segment Stone Wall x2 |
| 28:02 | TheEel · wall_segment Stone Wall x1 |
| 28:25 | ozzyhapdo · first_building Castle |
| 28:44 | JohnCarter · first_building Stable |
| 30:11 | NuMa | Maurofarfan01 · first_building Castle |
| 30:31 | NuMa | DraKKo · first_market_buy 100 stone |
| 30:41 | [NuMa] giares · first_building Monastery |
| 31:06 | NuMa | Edd · wall_segment Stone Wall x11 |
| 31:15 | NuMa | Edd · wall_segment Stone Wall x9 |
| 31:21 | DrJorgexx · age_up castle |
| 31:40 | NuMa | Maurofarfan01 · first_building Monastery |
| 32:23 | ozzyhapdo · wall_segment Stone Wall x1 |
| 32:24 | ozzyhapdo · wall_segment Stone Wall x1 |
| 33:26 | ozzyhapdo · wall_segment Stone Wall x1 |
| 35:15 | NuMa | Maurofarfan01 · age_up imperial |
| 35:16 | TheEel · first_building Siege Workshop |
| 36:22 | JohnCarter · age_up imperial |
| 36:47 | ozzyhapdo · age_up imperial |
| 36:57 | DrJorgexx · first_building Monastery |
| 37:33 | TheEel · age_up imperial |
| 39:14 | TheEel · first_building Archery Range |
| 39:46 | DrJorgexx · first_market_sell 100 wood |
| 39:47 | JohnCarter · first_building Archery Range |
| 39:56 | NuMa | Edd · first_building Castle |
| 40:54 | TheEel · first_market_sell 100 wood |
| 41:21 | NuMa | DraKKo · age_up imperial |
| 41:52 | NuMa | DraKKo · first_building Siege Workshop |
| 41:52 | DrJorgexx · age_up imperial |
| 43:59 | JohnCarter · tribute_sent a jugador 2 |
| 43:59 | JohnCarter · tribute_sent a jugador 3 |
| 43:59 | JohnCarter · tribute_sent a jugador 4 |
| 43:59 | JohnCarter · tribute_sent a jugador 5 |
| 43:59 | JohnCarter · tribute_sent a jugador 6 |
| 43:59 | JohnCarter · tribute_sent a jugador 7 |
| 43:59 | JohnCarter · tribute_sent a jugador 8 |
| 44:03 | [NuMa] giares · first_market_sell 100 food |
| 45:17 | NuMa | Edd · age_up imperial |
| 46:48 | DrJorgexx · first_market_buy 100 wood |
| 47:16 | [NuMa] giares · age_up imperial |
| 47:31 | NuMa | Edd · resign |
[ ANÁLISIS IA · 1 CRÉDITO ]
¿Qué pasó realmente en esta partida?
Wolo.gg analiza cada decisión: build order, eco, micro, errores típicos por bracket. Análisis personalizado por WhatsApp o Discord en 30 segundos.
Guía civ
Georgianos
Perfil
Jugador #3451729